 Dungeon Crawl Stone Soup version 0.28-a0-1429-gf3d713df7a (webtiles) character file.

Game seed: 8735739227150695442

200 MacCMillion the Skirmisher (level 5, -6/42 HPs)
             Began as a Demonspawn Fighter on Jan 8, 2022.
             Killed by nerve-wracking pain
             ... invoked by Menkaure
              (14 damage)
             ... on level 4 of the Dungeon.
             The game lasted 00:06:51 (2553 turns).

MacCMillion the Skirmisher (Demonspawn Fighter)     Turns: 2553, Time: 00:06:51

Health: -6/42      AC: 12    Str: 18    XL:     5   Next: 48%
Magic:  5/5        EV:  5    Int:  9    God:
Gold:   184        SH: 10    Dex: 13    Spells: 4/4 levels left

rFire   . . .      SeeInvis .   a - +0 rapier
rCold   . . .      Faith    .   c - +0 buckler
rNeg    . . .      Spirit   .   p - +0 plate armour
rPois   .          Reflect  +   (no helmet)
rElec   .          Harm     .   (no cloak)
rCorr   .          Rampage  .   (no gloves)
Will    .....                   h - +0 pair of boots
Stlth   ..........              l - amulet of reflection
HPRegen 0.14/turn               (no ring)
MPRegen 0.09/turn               (no ring)

@: no status effects
A: claws 2, demonic guardian 1
a: no special abilities


You were on level 4 of the Dungeon.
You visited 1 branch of the dungeon, and saw 4 of its levels.

You collected 184 gold pieces.

Inventory:

Hand Weapons
 a - a +0 rapier (weapon)
 f - a +3 long sword
 t - a +0 dagger of speed
Armour
 b - a +0 scale mail
 c - a +0 buckler (worn)
 h - a +0 pair of boots (worn)
 p - a +0 plate armour (worn)
 q - an orb of guile
Jewellery
 l - an amulet of reflection (around neck)
Scrolls
 g - 2 scrolls of identify {unknown}
 k - 2 scrolls of teleportation {unknown}
 n - 2 scrolls of enchant weapon {unknown}
 s - a scroll of fog {unknown}
Potions
 d - 2 potions of might
 e - 2 potions of haste {unknown}
 i - a potion of cancellation {unknown}
 j - 2 potions of heal wounds {unknown}
 m - 2 potions of attraction {unknown}
 o - a potion of invisibility {unknown}
 r - a potion of ambrosia {unknown}
 u - 2 potions of brilliance {unknown}


   Skills:
 * Level 3.9 Fighting
 - Level 3.4 Short Blades
 - Level 0.2(2.1) Long Blades
 + Level 3.5 Armour
 + Level 3.4 Shields


You had 4 spell levels left.
You didn't know any spells.
Your spell library contained the following spells:

 Spells                   Type           Power      Damage    Failure   Level
 Fulminant Prism          Conj/Hex       0%         3d6       100%        4
 Iskenderun's Mystic Bla  Conj/Tloc      0%         2d3       100%        4
 Lee's Rapid Deconstruct  Erth           0%         3d5*      100%        5


Dungeon Overview and Level Annotations

Branches:
Dungeon (4/15)
 Temple: D:4-7

Altars:

Annotations:
D:3 1 runed translucent door, Gargoyl's ghost, amateur GnAK
D:4 Menkaure


Innate Abilities, Weirdness & Mutations

You have very sharp fingernails.
A weak demonic guardian rushes to your aid.


Message History

The kobold shouts!
A kobold is nearby!
The kobold throws a stone.
The stone hits you but does no damage. The kobold hits you with a +0 whip.
You barely miss the kobold. You block the kobold's attack.
Menkaure, Prince of Dust comes into view.
Menkaure shouts!
You puncture the kobold!
You kill the kobold!
Menkaure gestures wildly while chanting.
Menkaure seems to speed up.
Things that are here:
a +0 whip; 3 stones You block Menkaure's attack.
Sorry, you're not good enough to have a special ability.
Unknown command.
Okay, then.
You barely miss Menkaure.
Menkaure calls on the powers of darkness!
Your body is wracked with pain!
An ufetubus comes into view.
The ufetubus shouts!
You hit Menkaure but do no damage. Menkaure hits you but does no damage.
You block Menkaure's attack.
You closely miss Menkaure. Menkaure hits you!
* * * LOW HITPOINT WARNING * * *
A demonic guardian appears!
You swap places.
Menkaure hits your quasit!!
Your quasit dies!
Your quasit disappears in a puff of smoke!
Things that are here:
a +0 whip; 3 stones Unknown command.
Menkaure hits you.
* * * LOW HITPOINT WARNING * * *
Unknown command.
You barely miss Menkaure.
Menkaure points at you and mumbles some strange words.
Pain shoots through your body!
You die...

####...####.#.####
...................
###....#..##.#####
#.#(.#.....#
#.#..##.####
#..##.# #.....#
#)###.# #@# #.# #M#
#.# .5. .##.# .. .#
.. .# ... .. ... ..


You could see Menkaure (fast) and an ufetubus.

Vanquished Creatures
  4 gnolls (D:2)
  6 adders
  2 worms (D:3)
  5 dart slugs
  3 orcs (D:3)
  7 bats
  5 endoplasms
  6 giant cockroaches
  13 goblins
  2 hobgoblins
  4 jackals (D:3)
  7 quokkas
  6 ball pythons
  4 frilled lizards
  3 kobolds
  5 rats
82 creatures vanquished.

Vanquished Creatures (collateral kills)
  2 orcs (D:3)
2 creatures vanquished.

Grand Total: 84 creatures vanquished

Notes
Turn   | Place    | Note
-------+----------+-------------------------------------------
     0 | D:1      | MacCMillion the Demonspawn Fighter began the quest for the
                  | Orb.
     0 | D:1      | Reached XP level 1. HP: 18/18 MP: 1/1
   108 | D:1      | Gained mutation: You have sharp fingernails. [demonic
                  | ancestry]
   108 | D:1      | Reached XP level 2. HP: 19/24 MP: 2/2
   668 | D:1      | Gained mutation: You have very sharp fingernails. [demonic
                  | ancestry]
   668 | D:1      | Reached XP level 3. HP: 27/29 MP: 3/3
  1272 | D:2      | Gained mutation: A weak demonic guardian rushes to your
                  | aid. [demonic ancestry]
  1272 | D:2      | Reached XP level 4. HP: 35/35 MP: 4/4
  1609 | D:2      | Reached XP level 5. HP: 38/42 MP: 5/5
  1962 | D:3      | Found a runed translucent door.
  1987 | D:3      | Noticed Gargoyl's ghost (amateur GnAK)
  2350 | D:3      | Found a faded altar of an unknown god.
  2544 | D:4      | Noticed Menkaure
  2553 | D:4      | Killed from afar by Menkaure

Illustrated notes

Levels and vault maps discovered:
D:1:      amcnicky_arrival_single_pillar, layout_basic, minmay_pentomino_t4
D:2:      layout_basic, corexii_corridor_pit
D:3:      layout_rooms, dilly_ecumenical_altar_fadedgnrine,
          ebering_ghost_sewer_d
D:4:      layout_basic, ebering_ghost_inner_flame, uniq_menkaure

Skill      XL: |  1  2  3  4 |
---------------+-------------+-----
Short Blades   | 2 3 |  3.4
Shields        | 3 |  3.4
Armour         | 3 |  3.5
Fighting       | |  3.9
Long Blades    | |  0.2

Action                   |  1- 3 |  4- 6 || total
-------------------------+-------+-------++-------
Melee: Rapier            |   124 |   145 ||   269
       Long sword        |     4 |       ||     4
Armor: Scale mail        |    52 |     3 ||    55
       Plate armour      |       |    73 ||    73
Dodge: Dodged            |    47 |    30 ||    77
Block: Buckler           |    43 |    75 ||   118
       Reflection        |     1 |     3 ||     4

Table legend: (Time is in decaauts)
 A = Elapsed time spent in this place.
 B = Non-inter-level travel time spent in this place.
 C = Inter-level travel time spent in this place.
 D = Time resting spent in this place.
 E = Time spent auto-exploring this place.
 F = Levels seen in this place.
 G = Mean time per level.
                   A        B        C        D        E       F      G
               +--------+--------+--------+--------+--------+-----+--------+
         Total |   2581 |   2480 |    101 |      0 |   1862 |   4 |  645.2 |
       Dungeon |   2581 |   2480 |    101 |      0 |   1862 |   4 |  645.2 |
               +--------+--------+--------+--------+--------+-----+--------+

Top non-repeatable levels by time:
     D:1: 1020 daAuts
     D:2: 876 daAuts
     D:3: 638 daAuts
     D:4: 46 daAuts
